 Dungeon Crawl Stone Soup version 0.32-a0-314-g526f7d4993 (webtiles) character file.

Game seed: 3829361818795893671

665 seren the Shield-Bearer (level 7, -7/61 HPs)
             Began as a Mountain Dwarf Fighter on Feb 15, 2024.
             Mangled by an ogre
             ... wielding a +0 giant club
              (29 damage)
             ... on level 4 of the Dungeon.
             The game lasted 00:06:13 (3020 turns).

seren the Shield-Bearer (Mountain Dwarf Fighter)    Turns: 3020, Time: 00:06:13

Health: -7/61      AC: 13    Str: 19    XL:     7   Next: 31%
Magic:  7/7        EV: 10    Int:  8    God:
Gold:   175        SH:  5    Dex: 11    Spells: 6/6 levels left

rFire   . . .        a - +0 war axe
rCold   . . .        c - +0 buckler
rNeg    . . .        w - +0 plate armour
rPois   .            (no helmet)
rElec   .            m - +0 cloak
rCorr   +            (no gloves)
SInv    .            (no boots)
Will    .....        (no amulet) Stlth
                     q - ring of resist corrosion
HPRegen 0.30/turn    v - +5 ring of evasion
MPRegen 0.10/turn

%: no passive effects
@: no status effects
A: runic magic, artefact enchanting
a: no special abilities


You were on level 4 of the Dungeon.
You visited 1 branch of the dungeon, and saw 4 of its levels.

You collected 175 gold pieces.

Inventory:

Hand Weapons
 a - a +0 war axe (weapon)
Missiles
 b - 3 poisoned darts
 j - 8 darts of dispersal (quivered)
 s - 3 boomerangs
Armour
 c - a +0 buckler (worn)
 m - a +0 cloak (worn)
 w - a +0 plate armour (worn)
Jewellery
 h - a ring of flight
 q - a ring of resist corrosion (left hand)
 t - a ring of fire
 v - a +5 ring of evasion (right hand)
Scrolls
 d - a scroll of torment
 i - a scroll of vulnerability {unknown}
 k - a scroll of fog {unknown}
 l - a scroll of brand weapon {unknown}
 n - a scroll of blinking {unknown}
 r - a scroll of immolation {unknown}
 u - a scroll of amnesia {unknown}
Potions
 e - a potion of magic
 f - 6 potions of curing
 g - a potion of berserk rage {unknown}
 p - 2 potions of mutation {!q}


   Skills:
 + Level 5.4 Fighting
 + Level 5.2 Axes
 + Level 5.4 Armour
 + Level 5.5 Shields


You had 6 spell levels left.
You didn't know any spells.
Your spell library contained the following spells:

 Spells                   Type           Power      Damage    Failure   Level
 Magic Dart               Conj           0%         1d3       77%         1
 Blink                    Tloc           0%         N/A       88%         2
 Call Imp                 Summ           0%         N/A       88%         2
 Ensorcelled Hibernation  Hex/Ice        0%         N/A       88%         2
 Fugue of the Fallen      Necr           0%         N/A       98%         3
 Anguish                  Hex/Necr       0%         N/A       100%        4


Dungeon Overview and Level Annotations

Branches:
Dungeon (4/15)
 Temple: D:4-7

Altars:
Nemelex Xobeh
Xom


Innate Abilities, Weirdness & Mutations

Your spellcasting is much less encumbered by armour.
You can use scrolls of enchantment on lesser artefacts.


Message History

You kill the hobgoblin!
You hit the dart slug. The dart slug closely misses you.
You barely miss the dart slug.
The dart slug is heavily wounded.
You block the dart slug's attack.
You barely miss the dart slug.
The dart slug is heavily wounded.
The dart slug launches a dart at you.
The slug dart hits you but does no damage.
You slash the dart slug!
You kill the dart slug!
No target in view!
An orc comes into view. It is wielding a +0 dagger.
The orc shouts!
Found a stone staircase leading down.
You see here a scroll labelled JOEG APIHONN.
k - a scroll labelled JOEG APIHONN The orc misses you.
You slash the orc!
You kill the orc!
No target in view!
The ogre shouts!
Things that are here:
24 gold pieces; a +0 dagger; a +0 chain mail
Okay, then.
The ogre barely misses you.
You barely miss the ogre. You hit the ogre but do no damage.
The ogre misses you.
You barely miss the ogre. The ogre closely misses you.
You hit the ogre.
The ogre is moderately wounded.
The ogre hits you with a +0 giant club!
You slash the ogre!
The ogre is severely wounded.
The ogre hits you with a +0 giant club!!
* * * LOW HITPOINT WARNING * * *
You barely miss the ogre.
The ogre is severely wounded.
The ogre hits you with a +0 giant club!!
You die...

#.### # #.#.. .#
#.#.# ..# .
#.#.###..# ..
#........##
..#.#..O.......
.......@.##
######....#
####.#.#######.#
........$......>#
#####......####.#
#...####.# ####.#
#.# #.# ##
#.###.####.# #.
#..........# #.


You could see an ogre.

Vanquished Creatures
  Grinder (D:4)
  2 black bears (D:4)
  An orc wizard (D:4)
  10 adders
  4 gnolls (D:3)
  4 dart slugs
  A ribbon worm (D:2)
  6 orcs
  3 endoplasms
  3 giant cockroaches
  8 hobgoblins
  2 jackals (D:3)
  9 kobolds
  3 quokkas
  5 ball pythons
  4 bats
  A frilled lizard (D:2)
  6 goblins
  3 rats (D:1)
76 creatures vanquished.

Notes
Turn   | Place    | Note
-------+----------+-------------------------------------------
     0 | D:1      | seren the Mountain Dwarf Fighter began the quest for the
                  | Orb.
     0 | D:1      | Reached XP level 1. HP: 19/19 MP: 1/1
   121 | D:1      | Reached XP level 2. HP: 24/26 MP: 2/2
   273 | D:1      | Reached XP level 3. HP: 27/33 MP: 3/3
   573 | D:1      | Found a faded altar of an unknown god.
   921 | D:2      | Reached XP level 4. HP: 40/40 MP: 4/4
  1138 | D:2      | Found a sparkling altar of Nemelex Xobeh.
  1692 | D:3      | HP: 1/40 [gnoll/+0 halberd (7)]
  1871 | D:3      | Reached XP level 5. HP: 27/46 MP: 5/5
  2486 | D:4      | Noticed an ogre
  2589 | D:4      | Noticed a black bear
  2607 | D:4      | Killed a black bear
  2608 | D:4      | Reached XP level 6. HP: 48/55 MP: 6/6
  2657 | D:4      | Noticed Grinder
  2720 | D:4      | Found a shimmering altar of Xom.
  2765 | D:4      | Reached skill level 5 in Fighting
  2765 | D:4      | Reached skill level 5 in Armour
  2765 | D:4      | Reached skill level 5 in Shields
  2775 | D:4      | Paralysed by Grinder for 5 turns
  2789 | D:4      | Paralysed by Grinder for 2 turns
  2796 | D:4      | Killed Grinder
  2797 | D:4      | Reached skill level 5 in Axes
  2797 | D:4      | Reached XP level 7. HP: 41/61 MP: 7/7
  3020 | D:4      | Mangled by an ogre

Illustrated notes

Levels and vault maps discovered:
D:1:      dpeg_arrival_rooms_b, layout_loops_ring,
          shapermc_ecumenical_altar_hornbeckon
D:2:      layout_loops_ring, basic_altar
D:3:      layout_rooms, minmay_misc_feat_rows
D:4:      layout_basic, xom_teletrap_fun, minmay_temple_entry_poolview,
          nicolae_nh_ransacked_shop, uniq_grinder

Skill      XL: |  1  2  3  4  5  6 |
---------------+-------------------+-----
Axes           | 3 4 5 |  5.2
Fighting       | 4 5 |  5.4
Armour         | 4 5 |  5.4
Shields        | 4 5 |  5.5

Action                     |  1- 3 |  4- 6 |  7- 9 || total
---------------------------+-------+-------+-------++-------
  Melee: War axe           |    90 |   180 |    25 ||   295
    Use: Potion            |       |     4 |       ||     4
         Scroll            |       |     4 |       ||     4
   Stab: Invisible         |       |     2 |       ||     2
 Armour: Scale mail        |    69 |    90 |       ||   159
         Plate armour      |       |    68 |    12 ||    80
  Dodge: Dodged            |    61 |    94 |    11 ||   166
  Block: Buckler           |    15 |    54 |     6 ||    75

Table legend: (Time is in decaauts)
 A = Elapsed time spent in this place.
 B = Non-inter-level travel time spent in this place.
 C = Inter-level travel time spent in this place.
 D = Time resting spent in this place.
 E = Time spent auto-exploring this place.
 F = Levels seen in this place.
 G = Mean time per level.
                   A        B        C        D        E       F      G
               +--------+--------+--------+--------+--------+-----+--------+
         Total |   3126 |   2947 |    179 |    498 |   1578 |   4 |  781.5 |
       Dungeon |   3126 |   2947 |    179 |    498 |   1578 |   4 |  781.5 |
               +--------+--------+--------+--------+--------+-----+--------+

Top non-repeatable levels by time:
     D:2: 1166 daAuts
     D:1: 743 daAuts
     D:3: 726 daAuts
     D:4: 490 daAuts
